GCL
HOUSTON (GCL) ASTROS @ ATLANTA (GCL) BRAVES
08/30/2099
 
TOP OF THE 1ST
Houston (GCL) Astros batting - Pitching for Atlanta (GCL) Braves : LHP Alex Rodriguez
Pitching: LHP Alex Rodriguez
Batting: RHB Casey Payton 0-0: Ball
1-0: Ball
2-0: Ball
3-0: Base on Balls
Batting: RHB Alvin Wolff 0-0: Ball
1-0: Called Strike
1-1: Ball
2-1: Called Strike
2-2: Foul Ball, location: 3F
2-2: Fly out, F8 (Line Drive, 8RXD, EV 88.8 MPH)
Batting: LHB Caleb Crowley 0-0: Called Strike
0-1: Ball
1-1: Called Strike
1-2: Ball
2-2: Foul Ball, location: 5FF
2-2: Ball
3-2: 2-RUN HOME RUN (Flyball, 7LD, EV 91.9 MPH), Distance : 351 ft
Batting: RHB Jeremiah Watson 0-0: Called Strike
0-1: Called Strike
0-2: Ball
1-2: DOUBLE (Line Drive, 5D, EV 110.6 MPH)
Batting: LHB Brandon Davis 0-0: Called Strike
Jeremiah Watson steals 3rd base
0-1: DOUBLE (Groundball, 3L, EV 105.0 MPH)
Jeremiah Watson scores
Pitching: RHP Pat Burns
Batting: SHB Elijah Campbell 0-0: Ball
1-0: Foul Ball, location: 3FF
1-1: Foul Ball, location: 7LDF
1-2: Ground out 4-3 (Groundball, 4, EV 86.3 MPH)
Brandon Davis to third
Batting: RHB Doug Fitzsimons 0-0: SINGLE (Line Drive, 56, EV 98.8 MPH)
Brandon Davis scores
Batting: RHB Esteban Rivas 0-0: Foul Ball, location: 3F
0-1: Ground out 4-3 (Groundball, 34, EV 83.8 MPH)
Top of the 1st over - 4 runs, 4 hits, 0 errors, 1 left on base; Houston (GCL) 4 - Atlanta (GCL) 0
BOTTOM OF THE 1ST
Atlanta (GCL) Braves batting - Pitching for Houston (GCL) Astros : LHP Jesus Jaramillo
Pitching: LHP Jesus Jaramillo
Batting: LHB Ramon Aguilar 0-0: Ball
1-0: Called Strike
1-1: Foul Ball, location: 7LSF
1-2: Foul Ball, location: 3F
1-2: Strikes out swinging
Batting: RHB Rod Medina 0-0: Fly out, F8 (Line Drive, 8RM, EV 107.5 MPH)
Batting: LHB Greg Sweeney 0-0: Called Strike
0-1: Foul Ball, location: 9LMF
0-2: Ball
1-2: Strikes out swinging
Bottom of the 1st over - 0 runs, 0 hits, 0 errors, 0 left on base; Houston (GCL) 4 - Atlanta (GCL) 0
TOP OF THE 2ND
Houston (GCL) Astros batting - Pitching for Atlanta (GCL) Braves : RHP Pat Burns
Batting: RHB Alex Castillo 0-0: Ball
1-0: Ball
2-0: Ball
3-0: Base on Balls
Batting: RHB Casey Payton 0-0: SINGLE (Groundball, 56S, EV 61.3 MPH) (infield hit)
Alex Castillo to second
Batting: RHB Alvin Wolff 0-0: Ball
1-0: Foul Ball, location: 2F
1-1: Ball
2-1: Fly out, F8 (Line Drive, 8RD, EV 91.3 MPH)
Runner from 2nd tags up, SAFE at 3rd with throw by CF
Batting: LHB Caleb Crowley 0-0: Foul Ball, location: 7LMF
0-1: Foul Ball, location: 25FF
0-2: Fielders Choice at 2nd, 5-4 (Groundball, 56, EV 93.8 MPH)
Alex Castillo scores
Batting: RHB Jeremiah Watson 0-0: Called Strike
0-1: Foul Ball, location: 2F
0-2: Fielders Choice at 2nd, 5-4 (Groundball, 56, EV 98.8 MPH)
Top of the 2nd over - 1 run, 1 hit, 0 errors, 1 left on base; Houston (GCL) 5 - Atlanta (GCL) 0
BOTTOM OF THE 2ND
Atlanta (GCL) Braves batting - Pitching for Houston (GCL) Astros : LHP Jesus Jaramillo
Batting: RHB Aiden Matthews 0-0: Called Strike
0-1: Fly out, F9 (Flyball, 9, EV 95.6 MPH)
Batting: RHB Phil Eagles 0-0: SINGLE (Groundball, 56D, EV 98.1 MPH)
Batting: LHB Dave Acevedo 0-0: Foul Ball, location: 2F
0-1: Fielders Choice at 2nd, 6-4 (Groundball, 6, EV 88.1 MPH)
Batting: RHB Diego Gallegos 0-0: Ball
1-0: Called Strike
1-1: Swinging Strike
1-2: Strikes out swinging
Bottom of the 2nd over - 0 runs, 1 hit, 0 errors, 1 left on base; Houston (GCL) 5 - Atlanta (GCL) 0
TOP OF THE 3RD
Houston (GCL) Astros batting - Pitching for Atlanta (GCL) Braves : RHP Pat Burns
Batting: LHB Brandon Davis 0-0: Called Strike
0-1: Called Strike
0-2: Strikes out looking
Batting: SHB Elijah Campbell 0-0: Ball
1-0: Ball
2-0: Called Strike
2-1: Ball
3-1: Foul Ball, location: 23F
3-2: Base on Balls
Batting: RHB Doug Fitzsimons 0-0: Called Strike
0-1: Swinging Strike
0-2: Foul Ball, location: 2F
0-2: Ball
1-2: Strikes out swinging
Batting: RHB Esteban Rivas 0-0: DOUBLE (Flyball, 89D, EV 106.9 MPH)
Elijah Campbell to third
Batting: RHB Alex Castillo 0-0: Ball
1-0: Fly out, F8 (Flyball, 89D, EV 110.6 MPH)
Top of the 3rd over - 0 runs, 1 hit, 0 errors, 2 left on base; Houston (GCL) 5 - Atlanta (GCL) 0
BOTTOM OF THE 3RD
Atlanta (GCL) Braves batting - Pitching for Houston (GCL) Astros : LHP Jesus Jaramillo
Batting: RHB Edwin Muniz 0-0: Ball
1-0: SINGLE (Groundball, 4MD, EV 98.8 MPH)
Batting: RHB Fabiano Chieregati 0-0: Ball
1-0: Grounds into double play, 4-6-3 (Groundball, 34, EV 85.0 MPH)
Batting: LHB Ramon Aguilar 0-0: Called Strike
0-1: Foul Ball, location: 3FF
0-2: Ball
1-2: Strikes out swinging
Bottom of the 3rd over - 0 runs, 1 hit, 0 errors, 0 left on base; Houston (GCL) 5 - Atlanta (GCL) 0
TOP OF THE 4TH
Houston (GCL) Astros batting - Pitching for Atlanta (GCL) Braves : RHP Pat Burns
Batting: RHB Casey Payton 0-0: Ball
1-0: Called Strike
1-1: Called Strike
1-2: Strikes out swinging
Batting: RHB Alvin Wolff 0-0: Foul Ball, location: 5F
0-1: Swinging Strike
0-2: Ball
1-2: Strikes out swinging
Batting: LHB Caleb Crowley 0-0: DOUBLE (Line Drive, 89D, EV 105.6 MPH)
Batting: RHB Jeremiah Watson 0-0: Swinging Strike
0-1: Ball
1-1: Fly out, F4 (Popup, 4, EV 60.0 MPH)
Top of the 4th over - 0 runs, 1 hit, 0 errors, 1 left on base; Houston (GCL) 5 - Atlanta (GCL) 0
BOTTOM OF THE 4TH
Atlanta (GCL) Braves batting - Pitching for Houston (GCL) Astros : LHP Jesus Jaramillo
Batting: RHB Rod Medina 0-0: Foul Ball, location: 25F
0-1: Ball
1-1: Foul Ball, location: 2F
1-2: Ball
2-2: Ball
3-2: SINGLE (Line Drive, 7S, EV 100.0 MPH)
Batting: LHB Greg Sweeney 0-0: SINGLE (Line Drive, 9S, EV 85.0 MPH)
Rod Medina to second
Batting: RHB Aiden Matthews 0-0: Ball
1-0: Ball
2-0: Ball
3-0: Called Strike
3-1: Swinging Strike
3-2: DOUBLE (Line Drive, 7LM, EV 103.1 MPH)
Rod Medina scores
Greg Sweeney to third
Batting: RHB Phil Eagles 0-0: Ball
1-0: Foul Ball, location: 2F
1-1: Ball
2-1: Ball
3-1: Called Strike
3-2: Strikes out looking
Batting: LHB Dave Acevedo 0-0: Ball
1-0: Fly out, F9 (Flyball, 89M, EV 98.1 MPH)
Runner from 3rd tags up, OUT at HOME! 9-2
Bottom of the 4th over - 1 run, 3 hits, 0 errors, 1 left on base; Houston (GCL) 5 - Atlanta (GCL) 1
TOP OF THE 5TH
Houston (GCL) Astros batting - Pitching for Atlanta (GCL) Braves : RHP Pat Burns
Batting: LHB Brandon Davis 0-0: Ball
1-0: Called Strike
1-1: Ball
2-1: Swinging Strike
2-2: Strikes out looking
Batting: SHB Elijah Campbell 0-0: Called Strike
0-1: Called Strike
0-2: Ball
1-2: Ball
2-2: Strikes out swinging
Batting: RHB Doug Fitzsimons 0-0: Ball
1-0: Called Strike
1-1: Ball
2-1: Foul Ball, location: 25F
2-2: Fly out, F5 (Line Drive, 5, EV 71.3 MPH)
Top of the 5th over - 0 runs, 0 hits, 0 errors, 0 left on base; Houston (GCL) 5 - Atlanta (GCL) 1
BOTTOM OF THE 5TH
Atlanta (GCL) Braves batting - Pitching for Houston (GCL) Astros : LHP Jesus Jaramillo
Batting: RHB Diego Gallegos 0-0: Foul Ball, location: 23F
0-1: Swinging Strike
0-2: Strikes out looking
Batting: RHB Edwin Muniz 0-0: Ball
1-0: Ball
2-0: Swinging Strike
2-1: Fly out, F3 (Flyball, 34D, EV 99.4 MPH)
Batting: RHB Fabiano Chieregati 0-0: Called Strike
0-1: Ball
1-1: Fly out, F7 (Line Drive, 7, EV 90.6 MPH)
Bottom of the 5th over - 0 runs, 0 hits, 0 errors, 0 left on base; Houston (GCL) 5 - Atlanta (GCL) 1
TOP OF THE 6TH
Houston (GCL) Astros batting - Pitching for Atlanta (GCL) Braves : RHP Pat Burns
Batting: RHB Esteban Rivas 0-0: Foul Ball, location: 2F
0-1: Ball
1-1: Fly out, F4 (Popup, 3S, EV 76.3 MPH)
Pinch Hitting: RHB Jeff Lawther 0-0: Called Strike
0-1: Ball
1-1: Called Strike
1-2: SINGLE (Groundball, 4MD, EV 96.9 MPH)
Batting: RHB Casey Payton 0-0: Ball
1-0: Foul Ball, location: 23F
1-1: Fly out, F8 (Line Drive, 8RM, EV 97.5 MPH)
Batting: RHB Alvin Wolff 0-0: Foul Ball, location: 5SF
0-1: Ball
1-1: Ball
2-1: Foul Ball, location: 23FF
2-2: Ball
3-2: SINGLE (Line Drive, 4MD, EV 107.5 MPH)
Jeff Lawther to second
Jeff Lawther to third
Pitching: LHP Orlando Colon
Batting: LHB Caleb Crowley 0-0: Foul Ball, location: 2F
0-1: Called Strike
0-2: Ball
1-2: Ball
2-2: Foul Ball, location: 3FF
2-2: Ball
3-2: Strikes out swinging
Top of the 6th over - 0 runs, 2 hits, 0 errors, 2 left on base; Houston (GCL) 5 - Atlanta (GCL) 1
BOTTOM OF THE 6TH
Atlanta (GCL) Braves batting - Pitching for Houston (GCL) Astros : LHP Jesus Jaramillo
Now at 3B: Francisco Avila
Batting: LHB Ramon Aguilar 0-0: Ball
1-0: Ball
2-0: Foul Ball, location: 5F
2-1: Fly out, F8 (Flyball, 8LD, EV 74.4 MPH)
Batting: RHB Rod Medina 0-0: Called Strike
0-1: Fly out, F8 (Flyball, 8RM, EV 98.8 MPH)
Batting: LHB Greg Sweeney 0-0: Ball
1-0: Called Strike
1-1: DOUBLE (Line Drive, 7LM, EV 98.8 MPH)
Batting: RHB Aiden Matthews 0-0: SINGLE (Flyball, 6D, EV 93.1 MPH)
Greg Sweeney to third
Runner from 3rd tries for Home, throw by CF and OUT! 8-2
Bottom of the 6th over - 0 runs, 2 hits, 0 errors, 1 left on base; Houston (GCL) 5 - Atlanta (GCL) 1
TOP OF THE 7TH
Houston (GCL) Astros batting - Pitching for Atlanta (GCL) Braves : LHP Orlando Colon
Batting: RHB Jeremiah Watson 0-0: Called Strike
0-1: Ball
1-1: Foul Ball, location: 5FF
1-2: Foul Ball, location: 5F
1-2: Foul Ball, location: 2F
1-2: Ball
2-2: Ball
3-2: Foul Ball, location: 2RF
3-2: SINGLE (Line Drive, 8RS, EV 105.0 MPH)
Batting: LHB Brandon Davis 0-0: Ball
Wild Pitch!
Jeremiah Watson to second
1-0: Ball
2-0: Foul Ball, location: 2F
2-1: DOUBLE (Flyball, 8RXD, EV 101.3 MPH)
Jeremiah Watson scores
Batting: SHB Elijah Campbell 0-0: Ball
1-0: DOUBLE (Line Drive, 3D, EV 96.9 MPH)
Brandon Davis scores
Batting: RHB Doug Fitzsimons 0-0: Ball
1-0: Swinging Strike
1-1: Ball
2-1: Foul Ball, location: 9LMF
2-2: Strikes out swinging
Batting: RHB Esteban Rivas 0-0: Ball
1-0: TRIPLE (Line Drive, 7LD, EV 98.8 MPH)
Elijah Campbell scores
Pinch Hitting: RHB Tim Weyer 0-0: Foul Ball, location: 7LSF
0-1: Called Strike
0-2: Ball
1-2: Ball
2-2: Foul Ball, location: 5F
2-2: SINGLE (Groundball, 4D, EV 101.9 MPH)
Esteban Rivas scores
Pitching: LHP Andres Olmos
Pinch Hitting: RHB Alonzo Cabada 0-0: Called Strike
0-1: Ball
1-1: Ball
2-1: Grounds into double play, 6-4-3 (Groundball, 6, EV 104.4 MPH)
Top of the 7th over - 4 runs, 5 hits, 0 errors, 0 left on base; Houston (GCL) 9 - Atlanta (GCL) 1
BOTTOM OF THE 7TH
Atlanta (GCL) Braves batting - Pitching for Houston (GCL) Astros : LHP Jesus Jaramillo
Now at 3B: Tim Weyer
Now in CF: Alonzo Cabada
Batting: RHB Phil Eagles 0-0: Ball
1-0: Swinging Strike
1-1: Ground out 4-3 (Groundball, 4, EV 103.1 MPH)
Pinch Hitting: RHB Jerry Valle 0-0: Ball
1-0: Swinging Strike
1-1: Fly out, F7 (Flyball, 7, EV 89.4 MPH)
Pinch Hitting: SHB Alvaro Velasquez 0-0: Called Strike
0-1: Called Strike
0-2: Ball
1-2: Ball
2-2: Ball
3-2: Base on Balls
Pitching: RHP Travis Shindle
Batting: RHB Edwin Muniz 0-0: Ball
1-0: Ball
2-0: Ball
3-0: Called Strike
3-1: Fielders Choice at 2nd, 6-4 (Groundball, 6, EV 108.8 MPH)
Bottom of the 7th over - 0 runs, 0 hits, 0 errors, 1 left on base; Houston (GCL) 9 - Atlanta (GCL) 1
TOP OF THE 8TH
Houston (GCL) Astros batting - Pitching for Atlanta (GCL) Braves : LHP Andres Olmos
Now at 3B: Alvaro Velasquez
Now in RF: Jerry Valle
Pinch Hitting: RHB Monty Carter 0-0: SINGLE (Groundball, 6MD, EV 96.3 MPH)
Pinch Hitting: RHB Jose Molina 0-0: Foul Ball, location: 9LDF
0-1: Called Strike
0-2: 2-RUN HOME RUN (Flyball, 9D, EV 98.1 MPH), Distance : 368 ft
Pinch Hitting: LHB Eric Forster 0-0: Swinging Strike
0-1: Foul Ball, location: 5DF
0-2: Ball
1-2: Ball
2-2: Ball
3-2: Fly out, F8 (Flyball, 8LD, EV 77.5 MPH)
Pinch Hitting: RHB Ben Alfano 0-0: Called Strike
0-1: Fly out, F9 (Flyball, 9, EV 94.4 MPH)
Batting: SHB Elijah Campbell 0-0: Called Strike
0-1: Ball
1-1: Ball
2-1: SINGLE (Flyball, 6MD, EV 86.9 MPH)
Batting: RHB Gabe Vargas 0-0: Ball
1-0: Ball
2-0: Ball
3-0: Called Strike
3-1: Base on Balls
Elijah Campbell to second
Pinch Hitting: RHB Brian Santucci 0-0: Called Strike
0-1: Foul Ball, location: 9LDF
0-2: Foul Ball, location: 3F
0-2: 3-RUN HOME RUN (Flyball, 89XD, EV 98.1 MPH), Distance : 392 ft
Pitching: LHP Vincent Morales
Batting: RHB Tim Weyer 0-0: Ball
1-0: Swinging Strike
1-1: Ball
2-1: Ball
3-1: Foul Ball, location: 3SF
3-2: DOUBLE (Groundball, 5L, EV 101.3 MPH)
Pinch Hitting: RHB Zach Tarpley 0-0: Ball
1-0: Called Strike
1-1: SINGLE (Line Drive, 8RS, EV 111.3 MPH)
Tim Weyer to third
Runner from 3rd tries for Home, SAFE, throw by CF to home
Batting: RHB Monty Carter 0-0: Called Strike
0-1: Called Strike
0-2: Foul Ball, location: 2F
0-2: Ball
1-2: Strikes out swinging
Top of the 8th over - 6 runs, 6 hits, 0 errors, 1 left on base; Houston (GCL) 15 - Atlanta (GCL) 1
BOTTOM OF THE 8TH
Atlanta (GCL) Braves batting - Pitching for Houston (GCL) Astros : RHP Travis Shindle
Now at 1B: Monty Carter
Now at 2B: Jose Molina
Now at SS: Matt Eades
Now in LF: Zach Tarpley
Now in CF: Ben Alfano
Now in RF: Eric Forster
Pinch Hitting: LHB Serguei Eliasberg 0-0: SINGLE (Flyball, 8RS, EV 95.6 MPH)
Batting: LHB Ramon Aguilar 0-0: Ball
1-0: Ball
2-0: Foul Ball, location: 5SF
2-1: Foul Ball, location: 25FF
2-2: Ball
3-2: Foul Ball, location: 2F
3-2: Strikes out swinging
Serguei Eliasberg steals 2nd base (no throw)
Batter strikes out.
Pinch Hitting: RHB Jesus Jimenez 0-0: Swinging Strike
0-1: Swinging Strike
0-2: Foul Ball, location: 2F
0-2: Foul Ball, location: 2F
0-2: Ball
1-2: 2-RUN HOME RUN (Flyball, 9D, EV 95.0 MPH), Distance : 354 ft
Batting: LHB Greg Sweeney 0-0: Ground out 6-3 (Groundball, 6, EV 105.6 MPH)
Batting: RHB Aiden Matthews 0-0: Swinging Strike
0-1: Called Strike
0-2: Ball
1-2: Strikes out swinging, 2-3 out at first.
Bottom of the 8th over - 2 runs, 2 hits, 0 errors, 0 left on base; Houston (GCL) 15 - Atlanta (GCL) 3
TOP OF THE 9TH
Houston (GCL) Astros batting - Pitching for Atlanta (GCL) Braves : LHP Vincent Morales
Now at 1B: Jesus Jimenez
Now at 2B: Serguei Eliasberg
Pinch Hitting: LHB Nick LaTour 0-0: Ball
1-0: Ball
2-0: Ball
3-0: Base on Balls
Pinch Hitting: RHB Noe Cosme 0-0: Ball
1-0: Ball
2-0: Foul Ball, location: 2F
2-1: Foul Ball, location: 2F
2-2: Ball
3-2: Strikes out swinging
Nick LaTour is caught stealing 2nd base 2-4
Batter strikes out.
Batting: RHB Ben Alfano 0-0: Called Strike
0-1: Foul Ball, location: 2F
0-2: Ball
1-2: Ball
2-2: SINGLE (Groundball, 4MD, EV 95.6 MPH)
Pinch Hitting: RHB Josh Jensen 0-0: Ball
1-0: Called Strike
1-1: Called Strike
1-2: 2-RUN HOME RUN (Flyball, 78XD, EV 105.0 MPH), Distance : 407 ft
Batting: RHB Gabe Vargas 0-0: SINGLE (Groundball, 34D, EV 105.6 MPH)
Pinch Hitting: RHB Amir Coley 0-0: Foul Ball, location: 2F
0-1: Ball
1-1: Foul Ball, location: 2F
1-2: Strikes out swinging
Top of the 9th over - 2 runs, 3 hits, 0 errors, 1 left on base; Houston (GCL) 17 - Atlanta (GCL) 3
BOTTOM OF THE 9TH
Atlanta (GCL) Braves batting - Pitching for Houston (GCL) Astros : RHP Travis Shindle
Now at C: Josh Jensen
Now at 1B: Noe Cosme
Now at 2B: Monty Carter
Now at SS: Reggie Mitchell
Now in RF: Amir Coley
Batting: RHB Charlie Nichols 0-0: Ball
1-0: Ball
2-0: Foul Ball, location: 2F
2-1: Swinging Strike
2-2: Strikes out swinging
Pinch Hitting: SHB Edwin Flores 0-0: Foul Ball, location: 2F
0-1: Foul Ball, location: 7LDF
0-2: Ball
1-2: Strikes out swinging
Pinch Hitting: LHB Gustavo Matos 0-0: Called Strike
0-1: Ball
1-1: Ground out 5-3 (Groundball, 56S, EV 62.5 MPH)
Bottom of the 9th over - 0 runs, 0 hits, 0 errors, 0 left on base; Houston (GCL) 17 - Atlanta (GCL) 3
Tuesday, May 14th , 2024 - OOTP Baseball 24.11 Build 85